Map: Site Delta LE

Players

ONSYDESolar (Solar)

  • Race: Zerg Zerg
  • League: Master
  • Spawn Location: 11:00

Classic - Winner!

  • Race: Protoss Protoss
  • Spawn Location: 5:00

VOD

Have the link to the VOD?

Description

Time

  • Played on: Nov. 21, 2023, 6:16 a.m.
  • Length: 11:43
Show
View Real Time Build Order
Export as new Build Order

ONSYDESolar Zerg 

Build Orders: Hatch First 

Get SALT Encoding   

  12  0:00  Drone  
  13  0:12  Overlord  
  13  0:17  Drone  
  14  0:40  Drone  
  15  0:47  Hatchery, Drone  
  15  0:51  Drone  
  15  0:56  Drone  
  17  1:02  Drone  
  18  1:10  Extractor  
  17  1:16  Spawning Pool  
  16  1:18  Drone  
  16  1:24  Drone  
  18  1:33  Drone  
  19  1:46  Drone  
  20  1:58  Overlord  
  20  2:03  Queen x2, Zergling x2  
  20  2:06  Zergling x2  
  26  2:13  Drone  
  27  2:17  Drone, Metabolic Boost  
  27  2:21  Drone  
  29  2:27  Drone  
  30  2:38  Hatchery  
  30  2:40  Drone  
  30  2:46  Queen  
  32  2:51  Overlord  
  32  2:56  Drone x2  
  34  3:00  Drone x2  
  36  3:09  Queen  
  36  3:11  Drone x2  
  40  3:14  Zergling x2  
  40  3:15  Zergling x2  
  40  3:18  Zergling x2  
  43  3:20  Overlord  
  43  3:25  Drone  
  44  3:31  Overlord  
  44  3:38  Queen  
  44  3:40  Drone x2  
  48  3:43  Drone x2  
  48  3:44  Drone  
  51  3:52  Queen  
  51  3:54  Drone  
  54  3:57  Drone  
  54  4:01  Zergling x8  
  54  4:02  Roach Warren  
  57  4:04  Drone x2  
  57  4:07  Overlord  
  59  4:11  Overlord  
  59  4:13  Overlord  
  59  4:20  Overlord  
  59  4:24  Drone x2  
  59  4:25  Spore Crawler  
  59  4:30  Zergling x4  
  59  4:31  Zergling x2  
  63  4:33  Spore Crawler  
  63  4:35  Overlord  
  63  4:37  Drone  
  62  4:43  Roach x4  
  72  4:47  Extractor  
  72  4:48  Roach  
  72  4:50  Zergling x6  
  75  4:55  Zergling x8, Roach  
  75  4:58  Drone  
  75  4:59  Drone x2  
  84  5:01  Zergling x2  
  85  5:07  Overlord  
  85  5:09  Roach  
  85  5:12  Roach  
  89  5:15  Overlord  
  89  5:16  Zergling x6  
  89  5:19  Drone  
  93  5:22  Drone  
  93  5:25  Zergling x12  
  93  5:27  Spore Crawler  
  99  5:29  Spore Crawler  
  96  5:37  Zergling x6  
  96  5:42  Roach  
  94  5:43  Lair  
  94  5:46  Roach  
  94  5:49  Roach  
  91  5:52  Roach  
  91  5:53  Zergling x4  
  95  6:01  Roach  
  95  6:02  Zergling x6  
  100  6:07  Zergling x4  
  102  6:14  Roach  
  97  6:18  Zergling x6  
  97  6:25  Queen  
  92  6:27  Zergling x4  
  92  6:30  Zergling x2  
  92  6:31  Zergling x2  
  85  6:37  Drone x2  
  84  6:40  Drone  
  84  6:44  Glial Reconstitution, Extractor  
  84  6:45  Drone  
  84  6:48  Drone  
  84  6:49  Drone  
  84  6:51  Overseer  
  86  6:56  Drone  
  86  7:00  Drone  
  88  7:01  Drone  
  88  7:07  Drone  
  88  7:09  Drone  
  88  7:10  Drone  
  88  7:11  Queen  
  88  7:13  Queen  
  88  7:14  Drone x3, Evolution Chamber  
  96  7:18  Drone  
  96  7:22  Roach x5  
  107  7:30  Overlord  
  107  7:35  Roach x2  
  109  7:43  Roach x5  
  111  7:53  Roach x5  
  111  7:54  Zergling x4  
  120  8:02  Drone x3  
  121  8:08  Drone x2, Extractor  
  119  8:13  Drone, Extractor  
  119  8:18  Drone x2  
  114  8:23  Drone, Queen  
  111  8:27  Zerg Missile Weapons Level 1  
  111  8:29  Drone x2  
  111  8:30  Infestation Pit  
  111  8:33  Drone  
  109  8:38  Drone  
  109  8:40  Overseer  
  109  8:41  Drone x2  
  112  8:43  Drone x2  
  112  8:44  Ravager  
  112  8:45  Drone, Ravager  
  112  8:47  Overlord x2  
  117  8:50  Drone x2, Extractor  
  117  8:51  Hatchery  
  117  8:52  Drone  
  118  8:56  Drone  
  118  9:00  Drone  
  120  9:03  Drone  
  120  9:04  Overlord  
  120  9:05  Overlord  
  120  9:08  Hive  
  121  9:11  Drone x2  
  121  9:15  Hydralisk Den, Drone  
  123  9:17  Drone  
  120  9:33  Drone x2  
  120  9:37  Drone  
  120  9:38  Drone x4  
  124  9:40  Roach x2  
  124  9:42  Roach x2  
  124  9:43  Roach  
  131  9:49  Drone x2  
  132  9:52  Lurker Den  
  132  9:56  Drone x2  
  132  9:58  Drone x2  
  131  10:06  Drone x2  
  133  10:10  Overlord  
  133  10:11  Roach x5  
  133  10:12  Roach  
  133  10:13  Ravager  
  147  10:14  Zergling x2  
  147  10:15  Zergling x2  
  147  10:18  Zergling x2  
  147  10:19  Zergling x4  
  151  10:22  Viper  
  151  10:24  Viper  
  157  10:29  Extractor, Hydralisk x2  
  157  10:30  Extractor  
  159  10:37  Zergling x8  
  159  10:38  Overlord  
  159  10:40  Ravager x2  
  165  10:43  Zergling x4  
  165  10:44  Overlord  
  165  10:48  Overlord  
  167  10:50  Overlord  
  167  10:54  Overlord  
  167  10:56  Ravager  
  158  10:59  Roach x2  
  158  11:00  Roach x2  
  158  11:02  Roach  
  158  11:03  Ravager  
  153  11:05  Roach x2  
  153  11:07  Roach  
  153  11:09  Roach  
  153  11:10  Roach  
  152  11:12  Roach  
  152  11:13  Ravager  
  152  11:15  Roach  
  152  11:16  Roach  
  156  11:18  Roach x2  
  156  11:21  Roach  
Show
View Real Time Build Order
Export as new Build Order

Classic Protoss - Winner!

Build Orders: 1 Gate Expand, Mass Adepts 

Get SALT Encoding   

  12  0:00  Probe  
  13  0:12  Probe  
  14  0:17  Pylon  
  14  0:24  Probe (Chrono Boost)  
  15  0:36  Probe (Chrono Boost)  
  15  0:38  Gateway  
  16  0:45  Probe (Chrono Boost)  
  16  0:47  Assimilator  
  17  0:51  Probe  
  18  1:03  Probe  
  19  1:15  Probe  
  20  1:25  Nexus  
  20  1:28  Probe  
  21  1:40  Cybernetics Core  
  21  1:41  Probe  
  22  1:47  Assimilator  
  22  1:53  Pylon  
  22  1:57  Probe  
  23  2:11  Probe  
  23  2:13  Adept (Chrono Boost)  
  24  2:18  Twilight Council  
  26  2:23  Probe  
  26  2:25  Warp Gate  
  27  2:36  Adept  
  29  2:37  Probe x2 (Chrono Boost)  
  31  2:47  Probe x2 (Chrono Boost)  
  33  2:52  Probe x2 (Chrono Boost)  
  33  2:54  Resonating Glaives  
  35  3:03  Probe x2  
  37  3:06  Stalker  
  39  3:14  Robotics Facility  
  39  3:23  Gateway  
  39  3:25  Gateway  
  39  3:30  Probe  
  39  3:31  Gateway, Probe  
  41  3:36  Pylon  
  41  3:42  Probe  
  41  3:44  Probe  
  41  3:49  Pylon  
  41  3:58  Warp Prism (Chrono Boost)  
  41  4:01  Probe x2  
  45  4:05  Pylon  
  45  4:12  Assimilator  
  45  4:13  Adept, Probe x2  
  49  4:21  Adept x2  
  53  4:25  Adept, Pylon  
  53  4:27  Probe x2  
  53  4:29  Assimilator  
  57  4:36  Adept  
  59  4:42  Adept x2  
  63  4:48  Adept  
  63  4:52  Robotics Bay  
  67  5:01  Pylon  
  67  5:05  Adept x3  
  71  5:08  Adept  
  71  5:10  Probe  
  71  5:11  Pylon  
  74  5:31  Adept x4  
  80  5:41  Disruptor (Chrono Boost)  
  76  5:52  Adept x3  
  76  5:53  Adept  
  84  6:06  Pylon  
  84  6:07  Pylon  
  84  6:14  Disruptor (Chrono Boost)  
  82  6:23  Adept  
  82  6:24  Adept x3  
  72  6:36  Colossus (Chrono Boost)  
  72  6:38  Nexus  
  72  6:39  Pylon  
  70  6:41  Extended Thermal Lance  
  70  6:57  Adept x2  
  70  6:58  Adept x2  
  70  7:00  Pylon  
  78  7:13  Probe  
  78  7:14  Probe  
  80  7:17  Colossus  
  80  7:20  Adept x4  
  94  7:29  Probe x2  
  95  7:46  Pylon  
  95  7:47  Adept x4  
  95  7:50  Pylon  
  103  7:57  Probe x2  
  104  8:11  Gateway  
  104  8:12  Gateway  
  97  8:16  Gateway  
  97  8:18  Adept x4  
  95  8:23  Colossus (Chrono Boost)  
  93  8:39  Sentry x4  
  101  8:44  Nexus  
  101  9:09  Stalker  
  104  9:10  Stalker x4  
  104  9:11  Observer (Chrono Boost)  
  104  9:16  Stalker  
  114  9:32  Pylon  
  114  9:34  Pylon  
  110  9:46  Blink (Chrono Boost)  
  110  9:47  Warp Prism (Chrono Boost)  
  110  9:51  Stalker x3  
  100  10:01  Sentry x2  
  100  10:02  Stalker  
  100  10:05  Stalker  
  108  10:15  Stalker x3  
  114  10:34  Stalker x4  
  122  10:43  Stalker x2  
  122  10:47  Stalker  
  122  11:06  Stalker x2  
  122  11:07  Stalker x4  
  130  11:11  Stalker  
Tags
 
Add a new tag
Caveats
  • Supply blocks, unpowered buildings, or Contaminate may cause inaccurate times.
  • Supply counts are checked every 10 seconds.